 Dungeon Crawl Stone Soup version 0.18-a0-1639-g7533f42 (webtiles) character file.

269983 abixa the Brawler (level 19, -9/193 HPs)
             Began as a Troll Monk on Mar 27, 2016.
             Was the Champion of Okawaru.
             Engulfed by a salamander stormcaller's flame (13 damage)
             ... on level 2 of the Vaults.
             The game lasted 03:49:39 (46720 turns).

abixa the Brawler (Troll Monk)                     Turns: 46720, Time: 03:49:40

Health: -9/193     AC: 24    Str: 24    XL:     19   Next: 41%
Magic:  0/32       EV:  9    Int: 18    God:    Okawaru [******]
Gold:   2466       SH:  0    Dex: 12    Spells: 2 memorised, 10 levels left

rFire  . . .     SeeInvis .       - Unarmed
rCold  . . .     Gourm    +     d - quicksilver dragon armour
rNeg   . . .     Faith    +     o - +0 large shield {AC+3}
rPois  .         Spirit   +     Y - +0 hat {Spirit}
rElec  +         Dismiss  .     G - +3 cloak "Hesiry" {rElec MR- Slay+3 Stlth+}
rCorr  .         Reflect  .     (gloves unavailable)
SustAt .         Harm     .     (boots unavailable)
MR     ++...                    Z - amulet of faith
Stlth  +.........               V - ring "Wivelaik" {rElec MP+9 Int+6}
                                y - ring of protection from magic

@: confused, about to teleport, very resistant to hostile enchantments, very
unstealthy
A: unfitting armour, claws 3, fast metabolism 3, gourmand, regeneration 2,
shaggy fur 1, tough skin 2
a: Heroism, Finesse, Renounce Religion
}: 2/15 runes: decaying, serpentine


You were on level 2 of the Vaults.
You worshipped Okawaru.
Okawaru was exalted by your worship.
You were completely stuffed.

You visited 7 branches of the dungeon, and saw 36 of its levels.
You also visited: Labyrinth and Ice Cave.

You collected 4016 gold pieces.
You spent 1550 gold pieces at shops.

Inventory:

Hand Weapons
 b - a +9 blowgun
Missiles
 f - 21 large rocks
 p - 11 silver javelins
 x - 7 javelins (quivered)
 N - 187 poisoned needles
 O - 15 javelins of penetration
 S - 3 curare-tipped needles
Armour
 d - a quicksilver dragon armour (worn)
 g - a +1 hat of see invisible
 l - a +2 cloak of poison resistance
 n - the +2 robe of Okawaru's Hope {rElec rC- Str+9 SInv, unknown}
   (Okawaru gifted it to you on level 1 of the Vaults)

   It affects your strength (+9).
   It makes you vulnerable to cold.
   It insulates you from electricity.
   It lets you see invisible.
 o - a +0 large shield of protection (worn)
 B - a +0 large shield of reflection
 G - the +3 cloak "Hesiry" (worn) {rElec MR- Slay+3 Stlth+}
   (Okawaru gifted it to you on level 8 of the Lair of Beasts)

   It affects your accuracy and damage with ranged weapons and melee attacks
   (+3).
   It insulates you from electricity.
   It affects your resistance to hostile enchantments.
   It makes you more stealthy.
 Y - a +0 hat of spirit shield (worn)
Jewellery
 a - an uncursed ring of wizardry
 h - an uncursed ring of resist corrosion
 y - a ring of protection from magic (left claw)
 F - an uncursed ring of protection from cold
 H - an uncursed ring of fire
 V - the ring "Wivelaik" (right claw) {rElec MP+9 Int+6}
   (You found it on level 4 of the Lair of Beasts)

   [ring of magical power]

   It affects your intelligence (+6).
   It insulates you from electricity.
   It affects your magic capacity (+9).
 Z - an amulet of faith (around neck)
Wands
 C - a wand of paralysis (14/24)
 E - a wand of lightning (1/15)
 R - a wand of digging (11/24)
Scrolls
 i - a scroll of fear
 j - 10 scrolls of blinking
 r - a scroll of summoning
 s - 8 scrolls of immolation
 t - 16 scrolls of remove curse
 w - 15 scrolls of magic mapping
 J - a scroll of fog
 L - a scroll of amnesia
 P - a scroll of recharging
 U - 12 scrolls of teleportation
Potions
 c - 2 potions of cancellation
 k - 4 potions of berserk rage
 m - 6 potions of flight
 u - 5 potions of haste
 z - 5 potions of agility
 A - 15 potions of curing
 K - a potion of resistance
 M - 5 potions of heal wounds
 W - 2 potions of might
Books
 I - a Grand Grimoire

   Spells                             Type                      Level
   a - Monstrous Menagerie            Summoning                    7
   b - Summon Greater Demon           Summoning                    7
   c - Malign Gateway                 Summoning/Translocation      7
   d - Summon Horrible Things         Summoning                    8
Comestibles
 q - 12 beef jerkies
 v - a meat ration
 Q - 14 bread rations
 T - 2 chunks of flesh


   Skills:
 - Level 13.0 Fighting
 - Level 14.0 Throwing
 - Level 12.0 Armour
 - Level 3.0 Dodging
 - Level 1.1 Stealth
 - Level 12.0 Shields
 - Level 17.0 Unarmed Combat
 + Level 7.9 Transmutations
 - Level 7.0 Invocations


You had 10 spell levels left.
You knew the following spells:

 Your Spells              Type           Power        Failure   Level  Hunger
a - Regeneration          Chrm/Necr      #.........   99%         3    ####...
b - Blade Hands           Trmt           ####......   77%         5    ######.


Dungeon Overview and Level Annotations

Branches:
Dungeon (15/15)            Temple (1/1) D:4            Lair (8/8) D:10
  Swamp (4/4) Lair:3        Snake (4/4) Lair:6        Slime (0/6) Lair:6
    Orc (2/2) D:10            Elf (0/3) Orc:2        Vaults (2/5) D:13
  Crypt (0/3) Vaults:2     Depths (0/5) D:15

Altars:
Ashenzari
Cheibriados
Dithmenos
Elyvilon
Fedhas
Gozag
Kikubaaqudgha
Makhleb
Nemelex Xobeh
Okawaru
Pakellas
Qazlal
Ru
Sif Muna
Trog
Vehumet
Xom
Yredelemnul
Zin
The Shining One
Beogh

Shops:
D:8 (([   D:11 *   D:12 !   D:14 (   Orc:2 =!(([

Annotations:
D:2 !disint


Innate Abilities, Weirdness & Mutations

You are too large for most types of armour.
You have claws for hands.
Your metabolism is lightning-fast.
You like to eat raw meat.
You heal very quickly.
You are covered in fur (AC +1).
You have very tough skin (AC +2).


Message History

The salamander stormcaller points at you and mumbles some strange words.
A raging storm of fire appears!
The great blast of fire engulfs you!
* * * LOW HITPOINT WARNING * * *
2 fire vortices come into view.
You open the door.
You are engulfed in roaring flames.
The yaktaur shoots a bolt.
The bolt closely misses you.
The salamander stormcaller gathers magical energy.
The fire vortex hits you. The fire vortex burns you!
* * * LOW HITPOINT WARNING * * *
The fire vortex dissipates!
Read which item? (? for menu, Esc to quit)
As you read the scroll of teleportation, it crumbles to dust.
You feel strangely unstable.
You are engulfed in roaring flames.
* * * LOW HITPOINT WARNING * * *
The centaur warrior shoots an arrow.
You block the arrow.
The yaktaur shoots a bolt.
You block the bolt.
Drink which item? (? for menu, Esc to quit)
You are confused.
You feel invigorated.
You are engulfed in roaring flames.
You die...

#.(.......... ...
#########((.........[
.....
........((c.....##### ....
.......(.((.....# ....
........(.......# ....
......N(........#
...#############vc§......#
...'...........'§§§......#
...'.#########.#@§§......#
...#.#.#.'...#.#########.#
...#.#.#.#####.#.......#.#
...#.#.#..).(+.#.......#
...#.#'#.<.#'#.#.......#
...#.#.....#.#.'.......
...#.#####.#.#.#.......
######
...#.#..['.#.#.#.......
.......
...#.#########.#######+
.......


You could see a salamander stormcaller, a centaur warrior, a yaktaur and a fire
vortex.

Vanquished Creatures
  Nikola (Vaults:1)
  Rupert (D:15)
  2 thorn hunters
  Roxanne (D:15)
  16 greater nagas (Snake:4)
  An orc warlord (Orc:2)
  Wiglaf (Vaults:1)
  A frost giant (IceCv)
  Donald (Vaults:2)
  A ghoul (Vaults:2)
  A deep elf sorcerer (Vaults:2)
  4 vault wardens
  The ghost of simok the Severer, a journeyman DDHu of Makhleb (Lair:8)
  An ironheart preserver (Vaults:2)
  A stone giant (Vaults:2)
  A salamander stormcaller (Vaults:2)
  Azrael (D:15)
  An ettin (Orc:1)
  4 fire dragons
  An ogre mage (Vaults:2)
  A minotaur (Lab)
  A vault guard (D:13)
  4 ice dragons
  2 great orbs of eyes (Vaults:1)
  17 hydras
  The ghost of crauler the Basher, a novice OgHu of the Shining One (D:11)
  5 ghost crabs
  4 centaur warriors
  8 anacondas
  27 naga warriors
  A catoblepas (Lair:5)
  3 tengu warriors
  An orc high priest (Orc:1)
  11 death yaks
  9 alligators
  Urug (D:15)
  7 shock serpents
  18 naga sharpshooters
  2 fire crabs (Lair:8)
  3 deep elf knights (Vaults:2)
  A fire crab (shapeshifter) (Vaults:1)
  A shadow wraith (Vaults:2)
  A skeletal warrior (Vaults:2)
  A salamander mystic (Snake:4)
  3 spriggan druids (Swamp:4)
  2 shambling mangroves
  2 unseen horrors
  9 swamp dragons
  8 naga ritualists
  5 hill giants
  4 ironbrand convokers
  2 deep elf archers (Vaults:2)
  Pikel (D:6)
  A wizard (D:14)
  7 mana vipers
  6 orc knights
  14 ugly things
  2 wolf spiders
  A deep elf mage (D:12)
  A griffon (D:13)
  A manticore (D:15)
  2 cyclopes (D:14)
  9 salamanders
  5 orc sorcerers (Orc:2)
  2 hornets (Swamp:3)
  10 elephants
  29 black mambas
  Joseph (D:8)
  An ice statue (IceCv)
  11 naga magi
  10 guardian serpents
  35 spiny frogs
  A black mamba (shapeshifter) (Vaults:1)
  2 torpor snails (Lair:7)
  7 gargoyles
  4 rime drakes
  11 komodo dragons
  A freezing wraith (Vaults:2)
  3 yaktaurs
  14 trolls
  A harpy zombie (D:14)
  A polar bear (shapeshifter) (Vaults:2)
  17 polar bears
  5 giant leeches
  2 tengu conjurers
  A two-headed ogre (D:15)
  Prince Ribbit (D:9)
  24 slime creatures
  10 bog bodies
  2 boulder beetles
  14 blink frogs
  5 spriggans
  2 shadows (Swamp:1)
  A spriggan (shapeshifter) (D:13)
  A centaur simulacrum (D:15)
  4 redbacks
  4 vampires
  A wyvern (D:13)
  5 wraiths
  6 fire elementals
  57 yaks
  2 basilisks (Lab)
  8 hippogriffs
  Grum (D:8)
  4 hungry ghosts
  31 vampire mosquitoes
  Menkaure (D:5)
  A steam dragon (D:15)
  7 mottled dragons
  2 insubstantial wisps (Swamp:3)
  75 nagas
  12 swamp worms
  14 water moccasins
  10 wargs (Orc:2)
  3 soldier ants
  2 hell hounds (D:15)
  13 porcupines
  26 swamp drakes
  8 wasps
  39 orc warriors
  A slave (D:6)
  7 sky beasts
  22 ogres
  An eye of draining (D:14)
  2 phantoms
  12 ice beasts
  41 wolves
  19 centaurs
  12 crocodiles
  16 big kobolds
  33 giant frogs
  6 gnoll sergeants
  A deep troll simulacrum (Vaults:1)
  2 scorpions
  12 killer bees
  2 water moccasin skeletons (D:8)
  An elf simulacrum (Vaults:1)
  15 wights
  6 electric eels
  A howler monkey (D:8)
  2 giant frog zombies
  8 crimson imps
  5 centaur zombies
  9 hounds
  15 orc priests
  19 jellies
  43 orc wizards
  A quasit (D:6)
  5 giant frog skeletons
  4 centaur skeletons
  11 hell rats
  Ijyb (D:2)
  9 iguanas
  8 worker ants
  14 sheep
  2 hound zombies
  A hound skeleton (D:7)
  2 worker ant zombies
  A howler monkey zombie (D:8)
  12 gnolls
  10 adders
  93 river rats
  4 shadow imps
  An ooze (D:6)
  An adder skeleton (D:10)
  2 adder zombies
  4 worms
  A dart slug (D:2)
  4 giant geckos
  109 orcs
  5 giant cockroaches
  8 goblins
  8 hobgoblins
  10 jackals
  6 quokkas
  2 ball pythons
  3 bats
  4 giant newts
  A jackal skeleton (D:5)
  30 kobolds
  6 rats
  A fungus (Lair:6)
  A plant (D:10)
1520 creatures vanquished.

Vanquished Creatures (others)
  3 naga sharpshooters (Snake:4)
  A necromancer (Vaults:1)
  An ironbrand convoker (Vaults:2)
  A freezing wraith (Vaults:1)
  A polar bear (IceCv)
  An insubstantial wisp (Swamp:3)
  A swamp drake (Swamp:3)
  A wasp (Swamp:4)
  3 slaves (D:6)
  A wolf (IceCv)
  A centaur (D:12)
  A hound (D:6)
  An orc wizard (D:6)
  A giant frog skeleton (D:6)
  2 orcs (Vaults:1)
  3 briar patches (Swamp:2)
  A bush (Lair:8)
  A fire vortex (Vaults:2)
  27 fungi
  40 plants
92 creatures vanquished.

Grand Total: 1612 creatures vanquished

Notes
Turn   | Place    | Note
--------------------------------------------------------------
     0 | D:1      | abixa the Troll Monk began the quest for the Orb.
     0 | D:1      | Reached XP level 1. HP: 22/22 MP: 0/0
   416 | D:1      | Reached XP level 2. HP: 29/29 MP: 1/1
  1160 | D:2      | Noticed Ijyb
  1168 | D:2      | Killed Ijyb
  1168 | D:2      | Reached skill level 5 in Unarmed Combat
  1168 | D:2      | Reached XP level 3. HP: 34/36 MP: 2/2
  1640 | D:2      | Found a sacrificial altar of Ru.
  1812 | D:3      | Reached XP level 4. HP: 41/44 MP: 3/3
  2076 | D:3      | Reached skill level 6 in Unarmed Combat
  2175 | D:4      | Reached XP level 5. HP: 45/50 MP: 4/4
  2355 | D:4      | Found a basalt altar of Yredelemnul.
  2583 | D:4      | Noticed an ogre
  2591 | D:4      | Killed an ogre
  2591 | D:4      | Reached skill level 7 in Unarmed Combat
  2591 | D:4      | Reached XP level 6. HP: 43/59 MP: 5/5
  2613 | D:4      | Found a staircase to the Ecumenical Temple.
  2622 | Temple   | Entered the Ecumenical Temple
  2660 | Temple   | Became a worshipper of Warmaster Okawaru
  2660 | Temple   | Reached * piety under Okawaru
  2660 | Temple   | Reached ** piety under Okawaru
  2713 | D:5      | Entered Level 5 of the Dungeon
  2797 | D:5      | Reached skill level 1 in Throwing
  2985 | D:5      | Noticed Menkaure
  3148 | D:5      | Noticed a sky beast
  3174 | D:5      | Killed a sky beast
  3174 | D:5      | Reached XP level 7. HP: 42/66 MP: 6/6
  3365 | D:5      | Killed Menkaure
  3387 | D:6      | Reached *** piety under Okawaru
  3475 | D:6      | Noticed Pikel
  3514 | D:6      | Killed Pikel
  3514 | D:6      | Reached skill level 5 in Throwing
  3514 | D:6      | Reached skill level 8 in Unarmed Combat
  3514 | D:6      | Reached XP level 8. HP: 75/78 MP: 7/7
  3822 | D:6      | Reached **** piety under Okawaru
  4030 | D:6      | Reached skill level 9 in Unarmed Combat
  4139 | D:6      | Reached XP level 9. HP: 55/87 MP: 8/8
  4443 | D:7      | HP: 1/87 [orc wizard/puff of frost (11)]
  4714 | D:7      | Reached skill level 5 in Fighting
  4918 | D:7      | Received a gift from Okawaru
  5071 | D:7      | Found an opulent altar of Gozag.
  5248 | D:7      | Reached ***** piety under Okawaru
  5662 | D:7      | Reached skill level 10 in Unarmed Combat
  5743 | D:8      | Received a gift from Okawaru
  5995 | D:8      | Found Veuhunot's Weapon Emporium.
  6076 | D:8      | Noticed Grum
  6187 | D:8      | Killed Grum
  6187 | D:8      | Received a gift from Okawaru
  6375 | D:8      | Reached XP level 10. HP: 86/98 MP: 9/9
  6404 | D:8      | Found Wekes's Antique Weapon Shoppe.
  6813 | D:8      | Found Jepsuwet's Armour Boutique.
  6925 | D:8      | Noticed Joseph
  6943 | D:8      | Killed Joseph
  6943 | D:8      | Reached skill level 11 in Unarmed Combat
  7213 | D:8      | Received a gift from Okawaru
  7595 | D:9      | Noticed Prince Ribbit
  8020 | D:9      | Killed Prince Ribbit
  8020 | D:9      | Received a gift from Okawaru
  8347 | D:10     | Entered Level 10 of the Dungeon
  8402 | D:10     | Found a shimmering altar of Xom.
  8403 | D:10     | Found a shimmering altar of Xom.
  8495 | D:10     | Noticed a hill giant
  8500 | D:10     | Killed a hill giant
  8566 | D:10     | Found a staircase to the Lair.
  8580 | D:10     | Reached XP level 11. HP: 88/109 MP: 10/10
  8692 | D:10     | Found a staircase to the Orcish Mines.
  8710 | D:10     | Received a gift from Okawaru
 10006 | D:11     | Reached skill level 12 in Unarmed Combat
 10151 | D:11     | Noticed crauler's ghost (novice OgHu)
 10191 | D:11     | Killed crauler's ghost
 10385 | D:11     | Noticed a hill giant
 10395 | D:11     | Killed a hill giant
 10707 | D:11     | Found Gozag's Platinum Reserve.
 10719 | D:11     | Found an opulent altar of Gozag.
 10870 | D:11     | Reached skill level 10 in Throwing
 11361 | Lair:1   | Entered Level 1 of the Lair of Beasts
 11423 | Lair:1   | Noticed a six-headed hydra
 12383 | Orc:1    | Entered Level 1 of the Orcish Mines
 12425 | Orc:1    | Noticed an orc high priest
 12625 | D:9      | Received a gift from Okawaru
 12625 | D:9      | Reached skill level 13 in Unarmed Combat
 12796 | D:12     | Found a shadowy altar of Dithmenos.
 12923 | Orc:1    | Killed an orc high priest
 12923 | Orc:1    | Reached XP level 12. HP: 110/122 MP: 11/11
 13017 | Orc:1    | Noticed an ettin
 13029 | Orc:1    | Killed an ettin
 13473 | Orc:1    | Received a gift from Okawaru
 13965 | Orc:1    | Received a gift from Okawaru
 14256 | Lair:1   | Killed a six-headed hydra
 14842 | Lair:2   | Received a gift from Okawaru
 15503 | Lair:2   | Reached ****** piety under Okawaru
 15876 | Lair:2   | Reached skill level 14 in Unarmed Combat
 16090 | Lair:3   | Noticed a death yak
 16125 | Lair:3   | Killed a death yak
 16125 | Lair:3   | Received a gift from Okawaru
 16125 | Lair:3   | Reached skill level 1 in Shields
 16686 | Lair:3   | Found a staircase to the Swamp.
 16985 | Lair:3   | Noticed a death yak
 16987 | Lair:3   | Noticed a death yak
 16989 | Lair:3   | Noticed a death yak
 17036 | Lair:2   | Killed a death yak
 17041 | Lair:2   | Killed a death yak
 17041 | Lair:2   | Reached XP level 13. HP: 91/131 MP: 12/12
 17107 | Lair:3   | Reached skill level 5 in Shields
 17952 | Lair:4   | Got a slimy amber ring
 17953 | Lair:4   | Identified the ring "Wivelaik" {rElec MP+9 Int+6} (You found it on level 4 of the Lair of Beasts)
 19181 | D:12     | Found Murawn's Distillery.
 19381 | D:12     | Received a gift from Okawaru
 19748 | D:12     | Found a roughly hewn altar of Beogh.
 19987 | D:12     | Received a gift from Okawaru
 20725 | Lair:1   | Learned a level 3 spell: Regeneration
 20736 | Lair:1   | Learned a level 5 spell: Blade Hands
 20898 | Lair:5   | Reached skill level 10 in Fighting
 21511 | Lair:5   | Reached XP level 14. HP: 130/143 MP: 13/13
 21808 | Lair:6   | Found a staircase to the Slime Pits.
 22203 | Lair:6   | Found a staircase to the Snake Pit.
 23148 | Lair:7   | Received a gift from Okawaru
 23208 | Lair:8   | Entered Level 8 of the Lair of Beasts
 23208 | Lair:8   | Noticed simok's ghost (journeyman DDHu)
 23501 | Lair:8   | Reached skill level 15 in Unarmed Combat
 23962 | Lair:7   | Received a gift from Okawaru
 24939 | Lair:8   | Reached skill level 1 in Invocations
 24941 | Lair:8   | Reached skill level 1 in Transmutations
 25013 | Lair:8   | Received a gift from Okawaru
 25043 | Lair:8   | Killed simok's ghost
 25045 | Lair:8   | Got a faintly humming cloak {god gift}
 25046 | Lair:8   | Identified the +3 cloak "Hesiry" {rElec MR- Slay+3 Stlth+} (Okawaru gifted it to you on level 8 of the Lair of Beasts)
 25272 | Lair:8   | Reached XP level 15. HP: 72/153 MP: 14/14
 26573 | Orc:2    | Entered Level 2 of the Orcish Mines
 26573 | Orc:2    | Found Vehusuuc's Antique Weapon Shop.
 26701 | Orc:2    | Found a staircase to the Elven Halls.
 26914 | Orc:2    | Noticed an orc warlord
 26945 | Orc:2    | Killed an orc warlord
 27101 | Orc:2    | Found Buubec's Jewellery Shop.
 27188 | Orc:2    | Found Qoetoh's Distillery.
 27246 | Orc:2    | Reached skill level 5 in Transmutations
 27312 | Orc:2    | Found a roughly hewn altar of Beogh.
 27455 | Orc:2    | Found Suunig's Antique Armour Shoppe.
 27455 | Orc:2    | Found Leckot's Antique Weapon Shop.
 27470 | Orc:2    | Bought a quicksilver dragon hide for 1550 gold pieces
 28150 | D:13     | Found a labyrinth entrance.
 28159 | Lab      | Entered a labyrinth
 28373 | Lab      | Received a gift from Okawaru
 28378 | Lab      | Reached skill level 1 in Armour
 28406 | Lab      | Got a shimmering pewter ring
 28406 | Lab      | Got a sparkling pewter ring
 28430 | Lab      | Identified the ring of Gobloigg {SustAt +Inv rElec} (You found it in a labyrinth)
 28459 | D:13     | Found an iron altar of Okawaru.
 28565 | D:13     | Received a gift from Okawaru
 28717 | D:13     | Identified the ring of the Swan {AC+2 Str+5 Int-5} (You found it in a labyrinth)
 29117 | D:13     | Found a gate to the Vaults.
 29509 | D:14     | Found a frozen archway.
 29531 | IceCv    | Entered an ice cave
 29553 | IceCv    | Identified a scroll of acquirement
 29695 | IceCv    | Reached skill level 5 in Armour
 29981 | IceCv    | Noticed a frost giant
 30050 | IceCv    | Killed a frost giant
 30570 | D:14     | Found Evvisepu's Antique Weapon Shop.
 30839 | D:14     | Received a gift from Okawaru
 31260 | D:15     | Entered Level 15 of the Dungeon
 31284 | D:15     | Reached XP level 16. HP: 162/162 MP: 15/15
 31407 | D:15     | Noticed Azrael
 31415 | D:15     | Killed Azrael
 31559 | D:15     | Noticed Roxanne
 31867 | D:15     | Noticed Urug
 31932 | D:15     | Found a staircase to the Depths.
 32213 | D:15     | Noticed Rupert
 32225 | D:15     | Killed Rupert
 32388 | D:15     | Killed Roxanne
 32393 | D:15     | Identified Roxanne's Incunabulum of Ashen Shape Shifting (You took it off Roxanne on level 15 of the Dungeon)
 32870 | Snake:1  | Entered Level 1 of the Snake Pit
 32929 | Snake:1  | Received a gift from Okawaru
 33075 | Swamp:1  | Entered Level 1 of the Swamp
 34071 | Swamp:2  | Noticed a thorn hunter
 34261 | Swamp:2  | Received a gift from Okawaru
 34289 | Swamp:2  | Killed a thorn hunter
 34289 | Swamp:2  | Reached skill level 16 in Unarmed Combat
 34836 | Swamp:3  | Reached skill level 10 in Shields
 35900 | Swamp:4  | Entered Level 4 of the Swamp
 35900 | Swamp:4  | Noticed a thorn hunter
 35916 | Swamp:3  | Killed a thorn hunter
 36510 | Swamp:4  | Received a gift from Okawaru
 36596 | Swamp:4  | Reached XP level 17. HP: 170/170 MP: 16/16
 36885 | Swamp:4  | Reached skill level 10 in Armour
 36917 | Swamp:4  | Got a decaying rune of Zot
 37589 | Swamp:4  | Received a gift from Okawaru
 38423 | Snake:2  | Received a gift from Okawaru
 38545 | Snake:2  | Received a gift from Okawaru
 38914 | Snake:3  | Received a gift from Okawaru
 39095 | Snake:3  | Received a gift from Okawaru
 39924 | Snake:4  | Entered Level 4 of the Snake Pit
 40001 | Snake:4  | Received a gift from Okawaru
 40179 | Snake:4  | Found an opulent altar of Gozag.
 40887 | Snake:4  | Received a gift from Okawaru
 40888 | Snake:4  | Got a heavily runed cloak {god gift}
 40890 | Snake:4  | Identified the +0 cloak of the Demon Prince {rF+} (Okawaru gifted it to you on level 4 of the Snake Pit)
 40915 | Snake:4  | Reached XP level 18. HP: 170/179 MP: 17/17
 41843 | Snake:4  | Got a serpentine rune of Zot
 42565 | Snake:4  | Received a gift from Okawaru
 42664 | Snake:4  | Reached skill level 17 in Unarmed Combat
 44022 | D:15     | Killed Urug
 44140 | Vaults:1 | Entered Level 1 of the Vaults
 44358 | Vaults:1 | Noticed Nikola
 44358 | Vaults:1 | Noticed Wiglaf
 44464 | Vaults:1 | Killed Wiglaf
 44469 | Vaults:1 | Reached skill level 5 in Invocations
 44548 | Vaults:1 | Received a gift from Okawaru
 44564 | Vaults:1 | Got an opalescent robe {god gift}
 44673 | Vaults:1 | Killed Nikola
 44673 | Vaults:1 | Reached XP level 19. HP: 152/192 MP: 21/21
 44931 | Vaults:1 | Found Ussumeud's Gadget Shop.
 45820 | Vaults:2 | Noticed Donald
 45836 | Vaults:2 | Killed Donald
 46333 | Vaults:2 | Found a staircase to the Crypt.
 46428 | Vaults:2 | Received a gift from Okawaru
 46719 | Vaults:2 | HP: 3/193 [salamander stormcaller] (17)]
 46720 | Vaults:2 | Engulfed by a salamander stormcaller's flame

Vault maps used:
D:1:      dpeg_arrival_tiny_f
D:2:      nicolae_ru_the_path_less_chosen, minmay_statues_item, uniq_iyjb
D:4:      kennysheep_mini_moat, minmay_temple_entry_overgrown, first_bread
D:5:      lemuel_ice_spiral_2, uniq_menkaure
D:6:      uniq_pikel
D:7:      basic_altar, the_bakery
D:8:      special_room, serial_shops, shop, shop,
          nicolae_shop_temple_entry_statues_fountains, uniq_grum, uniq_joseph
D:9:      uniq_prince_ribbit1
D:10:     david_lair_shrubbed, kennysheep_orc_monster_closet_entryway,
          xom_redecorated
D:11:     nicolae_gozag_zags_fifth_avenue
D:12:     kennysheep_windowed_halls, special_room, serial_shops, shop,
          grunt_dithmenos_smoke_and_mirrors
D:13:     david_vaults_5, basic_altar, serial_column_ruins,
          column_ruins_open_tiny, column_ruins_columns_straight,
          column_ruins_grid_3, column_ruins_grid_4, column_ruins_open_tiny,
          column_ruins_open_tiny, lab_entry_generic,
          hangedman_decor_clover_reticule
D:14:     serial_shops, nicolae_shop_waterfront,
          hangedman_abyss_or_decor_passed, portal_ice_cave_entry_ice_beasts
D:15:     grunt_enter_depths_hoard, uniq_rupert, uniq_roxanne, uniq_urug,
          uniq_azrael
Temple:   kilobyte_greek_temple_18
Lair:1:   grunt_megastairs_3, serial_bayou_shore_a
Lair:2:   nicolae_quartered_pool_medium
Lair:3:   minmay_swamp_entry_reptiles, serial_bayou_pond_b,
          infiniplex_staircase_pool_2
Lair:5:   grunt_megastairs_4, lemuel_fruit_tree
Lair:6:   dummy_snake_entry, minmay_slime_entry_jelly_boxes
Lair:8:   minmay_lair_end_frog_pond, bobbens_dragon_lair_wall
Swamp:1:  evilmike_swamp_ruin_house_3, swamp_pool5
Swamp:2:  evilmike_swamp_ruin_house_1, swamp_pool3
Swamp:3:  hangedman_swamp_cone, swamp_pool5
Swamp:4:  swamp_alternative, nicolae_swamp_dragon_and_kin
Snake:1:  st_stairs_7
Snake:2:  nicolae_snake_salamander_stairs
Snake:3:  nicolae_snake_squiggles
Snake:4:  grunt_snake_rune_spirals, basic_altar, serial_bayou_pond_c
Orc:2:    st_orc_town, serial_shops, shop
Vaults:1: vaults_standard_mumra_x, nicolae_vaults_angled_halls,
          vaults_mumra_hexcomb, vaults_room_corners, vaults_room_fancy_cross,
          nicolae_vaults_border_crossing, serial_shops, shop_statue,
          uniq_nikola, uniq_wiglaf
Vaults:2: v_misc_23, nicolae_vaults_windows_and_doors_thing,
          hangedman_vaults_corner_blocks, v_misc_15,
          vaults_room_grunt_arrival_ludios, v_misc_22,
          minmay_crypt_entry_simple_corners, uniq_donald
Lab:      labyrinth_glass_1, labyrinth_glass_2, nicolae_lab_dead_end, lab_block,
          labyrinth_skeletal_remains, nicolae_lab_blocks, nicolae_lab_stuck
IceCv:    ice_cave_caverns_02

Skill      XL: |  1  2  3  4  5  6  7  8  9 10 11 12 13 14 15 16 17 18 19 |
---------------+----------------------------------------------------------+-----
Unarmed Combat | 5 6 7 8 9 10 11 13 14 15 16 17 | 17.0
Throwing       | 3 5 6 7 9 10 11 12 13 14 | 14.0
Fighting       | 3 4 6 7 8 9 10 11 12 13 | 13.0
Shields        | 4 7 8 10 11 12 | 12.0
Invocations    | 1 5 7 |  7.0
Transmutations | 2 6 7 |  7.9
Armour         | 7 9 11 12 | 12.0
Dodging        | 3 |  3.0
Stealth        | |  1.1

Action                   |  1- 3 |  4- 6 |  7- 9 | 10-12 | 13-15 | 16-18 | 19-21 || total
-------------------------+-------+-------+-------+-------+-------+-------+-------++-------
Melee: Unarmed           |    89 |   111 |   326 |  1001 |  1922 |  2028 |   308 ||  5785
 Fire: Blowgun           |       |       |       |    31 |       |       |       ||    31
Throw: Stone             |       |    16 |    43 |       |       |       |       ||    59
       Tomahawk          |       |       |     8 |    74 |    63 |       |       ||   145
       Javelin           |       |       |       |    27 |    43 |    94 |    18 ||   182
       Large rock        |       |       |       |     2 |       |       |       ||     2
Invok: Heroism           |       |       |     1 |     4 |     3 |     1 |       ||     9
Evoke: Wand              |       |       |     5 |     4 |       |       |       ||     9
  Use: Scroll            |       |       |       |    23 |    20 |    12 |     4 ||    59
       Potion            |       |       |       |       |     3 |       |     1 ||     4
 Stab: Sleeping          |     4 |     2 |     3 |     2 |     5 |     1 |     1 ||    18
       Distracted        |       |       |       |     2 |     4 |       |     1 ||     7
  Eat: Chunk             |    20 |    12 |    29 |   105 |   129 |    99 |    22 ||   416
       Fruit             |       |       |       |       |       |    17 |       ||    17
       Beef jerky        |       |       |       |       |       |     3 |       ||     3
       Bread ration      |       |       |       |       |       |     2 |       ||     2
